Map: Romanticide LE

Players

HeRoMaRinE - Winner!

  • Race: Terran Terran
  • Spawn Location: 5:00

Reynor

  • Race: Zerg Zerg
  • Spawn Location: 11:00

Event: IEM Katowice 2021

VOD

Have the link to the VOD?

Description

Time

  • Played on: Feb. 24, 2021, 10:52 a.m.
  • Length: 19:56

All games in this series

Show
View Real Time Build Order
Export as new Build Order

HeRoMaRinE Terran - Winner!

Build Orders: Reaper Expand, Hellion Banshee 

Get SALT Encoding   

  12  0:00  SCV  
  13  0:12  SCV  
  14  0:16  Supply Depot  
  14  0:24  SCV  
  15  0:38  SCV, Barracks  
  15  0:42  Refinery  
  16  0:50  SCV  
  17  1:02  SCV  
  18  1:14  SCV  
  19  1:25  Reaper  
  20  1:26  Orbital Command  
  20  1:37  Command Center  
  20  1:46  Supply Depot  
  20  1:52  SCV  
  21  1:57  Marine  
  22  2:04  SCV  
  22  2:07  Factory  
  23  2:16  SCV  
  23  2:19  Barracks Reactor  
  24  2:28  SCV  
  25  2:40  SCV  
  26  2:46  Command Center  
  26  2:52  SCV, Orbital Command  
  27  2:58  Starport  
  27  3:01  Refinery  
  27  3:04  SCV  
  28  3:07  Hellion  
  28  3:10  Hellion  
  32  3:16  SCV, Barracks Tech Lab  
  32  3:18  SCV  
  34  3:28  SCV  
  34  3:30  SCV  
  34  3:33  Hellion x2  
  40  3:40  SCV  
  41  3:41  Banshee, Marine  
  41  3:42  SCV  
  46  3:53  Cloaking Field  
  46  3:58  SCV x2, Hellion x2  
  46  4:01  Orbital Command  
  52  4:07  Supply Depot  
  52  4:09  Barracks Tech Lab  
  52  4:10  SCV x2  
  54  4:19  Hellion x2  
  54  4:22  SCV x2  
  60  4:24  Orbital Command  
  60  4:29  Banshee  
  60  4:31  Supply Depot  
  63  4:33  Marine  
  63  4:34  SCV x2  
  63  4:36  Stimpack  
  66  4:46  SCV x2  
  66  4:50  Marine  
  66  4:51  Barracks x2  
  66  4:52  Factory Reactor  
  69  4:54  SCV  
  69  4:58  SCV x2, Supply Depot  
  72  5:05  Engineering Bay  
  72  5:06  SCV  
  73  5:07  Engineering Bay  
  73  5:08  Marine, Refinery x2  
  73  5:10  SCV x2  
  76  5:18  SCV  
  77  5:22  SCV  
  77  5:23  SCV  
  77  5:24  Supply Depot  
  77  5:25  Starport Reactor  
  77  5:26  Marine  
  80  5:31  SCV  
  80  5:34  SCV  
  77  5:35  SCV  
  77  5:38  Terran Infantry Weapons Level 1, Terran Infantry Armor Level 1  
  78  5:43  SCV  
  78  5:44  Marine x3  
  78  5:47  SCV x2  
  78  5:49  Barracks  
  84  5:50  Barracks  
  84  5:54  Supply Depot  
  84  5:55  SCV, Supply Depot, Marine x2  
  87  5:58  Siege Tank  
  87  5:59  SCV  
  87  6:00  SCV  
  87  6:02  Marine  
  93  6:12  Marine x2  
  93  6:15  Marine x2, Supply Depot  
  93  6:16  SCV x3  
  96  6:22  Marine  
  96  6:24  Medivac x2  
  88  6:28  SCV x3  
  88  6:30  Marine x2, Combat Shield  
  93  6:33  Marine x2  
  93  6:37  Refinery x2  
  93  6:38  Barracks Reactor  
  93  6:39  Supply Depot, Barracks Reactor  
  95  6:40  SCV x3, Supply Depot  
  95  6:41  Siege Tank  
  95  6:44  Marine  
  102  6:48  Marine  
  102  6:49  Marine  
  102  6:51  Marine  
  102  6:52  SCV x2  
  102  6:54  SCV, Armory  
  108  6:57  Factory  
  108  6:58  Marine  
  109  7:02  Marine  
  109  7:04  SCV  
  109  7:06  Marine  
  109  7:07  Supply Depot, Marine  
  113  7:09  Marine  
  113  7:11  Supply Depot  
  113  7:14  Medivac x2  
  118  7:16  Marine  
  118  7:17  Siege Tank  
  118  7:19  Marine x2  
  118  7:20  Marine x2  
  126  7:23  SCV  
  126  7:25  Marine  
  128  7:33  Marine x2  
  128  7:34  Marine x2  
  131  7:37  Marine x2  
  131  7:38  Marine x2  
  131  7:41  Factory Tech Lab  
  131  7:43  Marine  
  136  7:44  Sensor Tower  
  136  7:47  Medivac x2  
  136  7:50  Marine  
  136  7:51  Marine  
  142  7:52  Marine x2, Terran Infantry Weapons Level 2  
  142  7:58  Terran Infantry Armor Level 2  
  143  8:05  Command Center, Siege Tank  
  146  8:06  Marine  
  146  8:09  Marine x2  
  146  8:10  Marine  
  149  8:17  Supply Depot  
  149  8:18  Marine x3  
  152  8:21  Marine x2  
  152  8:22  Siege Tank  
  157  8:33  Terran Vehicle And Ship Armor Level 1  
  157  8:34  Supply Depot  
  157  8:37  Marine x7  
  157  8:39  Siege Tank  
  167  8:42  Medivac x2, Supply Depot  
  167  8:47  Marine x2  
  173  8:54  Barracks  
  173  8:55  Marine  
  173  8:56  Barracks  
  173  8:57  Siege Tank  
  173  8:58  Barracks  
  177  9:03  Marine x2  
  179  9:11  SCV x3, Siege Tank  
  179  9:17  Marine x4  
  185  9:26  Marine  
  185  9:29  Siege Tank  
  185  9:30  Marine x2  
  169  9:33  Medivac x2  
  174  9:38  SCV x3  
  174  9:42  Marine x2  
  174  9:43  Siege Tank  
  176  9:49  Marine  
  176  9:52  Marine x2  
  181  9:58  Marine, Barracks Tech Lab x3  
  174  10:00  Marine x4  
  174  10:02  Siege Tank  
  174  10:03  Medivac x2  
  174  10:06  Marine  
  186  10:07  Marine  
  186  10:10  Marine  
  183  10:15  Siege Tank  
  183  10:17  Marine  
  183  10:18  Marine  
  183  10:19  Marauder x3  
  193  10:23  Marine x2, Refinery  
  193  10:24  Refinery  
  193  10:25  Marauder  
  193  10:27  Marine  
  191  10:28  Marine  
  191  10:29  Marine x2  
  191  10:34  Terran Infantry Weapons Level 3, Siege Tank  
  197  10:40  Marauder x2  
  197  10:41  Planetary Fortress  
  193  10:45  Command Center  
  191  10:51  Marauder  
  191  10:52  Marauder  
  191  10:55  Siege Tank  
  188  10:59  Marine  
  188  11:01  Marine  
  188  11:02  Marauder x2, Marine  
  188  11:03  Marine x2  
  182  11:04  Marine  
  182  11:05  Marine x2  
  182  11:07  Medivac  
  182  11:09  Medivac  
  188  11:12  Marine  
  188  11:13  Marauder  
  188  11:17  Marine, Siege Tank  
  193  11:23  Marauder x2, Marine  
  193  11:24  Marine x2  
  200  11:30  Concussive Shells  
  196  11:40  Command Center, Terran Infantry Armor Level 3  
  194  11:50  Marauder  
  194  11:51  Marine x2  
  194  11:52  Marauder  
  200  12:01  Ghost Academy  
  195  12:03  Marauder  
  195  12:05  Marine  
  194  12:13  Marauder x2  
  194  12:14  Marine, Siege Tank x2  
  174  12:17  Marauder  
  174  12:18  Marine x2  
  167  12:24  Terran Vehicle Weapons Level 1  
  167  12:25  Marauder, Liberator x2  
  167  12:26  Marine  
  167  12:27  Marine  
  177  12:31  Planetary Fortress  
  177  12:35  Marauder x2  
  177  12:36  Marine  
  182  12:38  Marauder  
  182  12:40  Marine x2  
  182  12:42  Command Center  
  186  12:46  Marauder  
  188  12:55  Command Center  
  188  12:56  Marauder x2, Orbital Command  
  188  12:58  Siege Tank  
  195  13:00  Marauder  
  195  13:01  Siege Tank  
  200  13:07  Factory  
  187  13:21  Liberator  
  187  13:23  Marauder  
  187  13:27  Marauder, Marine x4  
  187  13:28  Marauder x2  
  187  13:29  Marine x2  
  197  13:40  Siege Tank  
  200  13:46  Enhanced Shockwaves  
  200  13:54  Marauder  
  195  13:59  Marauder  
  198  14:08  Liberator  
  200  14:13  Factory Tech Lab  
  200  14:18  Terran Vehicle And Ship Armor Level 2  
  200  14:19  Command Center  
  200  14:21  Ghost x3  
  200  14:22  Ghost  
  198  14:27  Neosteel Armor, Hi-Sec Auto Tracking  
  198  14:28  Orbital Command  
  198  14:32  Command Center  
  198  14:34  Sensor Tower  
  197  14:41  Siege Tank x2  
  197  14:42  Marine  
  197  14:43  Marine  
  186  14:49  Marine  
  186  14:50  Unknown  
  186  14:51  Marauder  
  186  14:56  Marauder  
  186  14:58  Marauder x2, Marine x5  
  193  15:01  Planetary Fortress  
  193  15:03  Marine  
  193  15:04  Marine, Personal Cloaking  
  193  15:06  Siege Tank  
  186  15:11  Orbital Command  
  186  15:12  Marauder, Marine  
  189  15:16  Marine x2  
  189  15:17  Marauder  
  189  15:19  Marauder  
  189  15:20  Marauder, Siege Tank  
  200  15:22  Sensor Tower  
  200  15:26  Drilling Claws  
  197  15:38  Orbital Command  
  197  15:40  Command Center  
  197  15:43  Sensor Tower  
  197  15:46  Orbital Command  
  197  15:48  Ghost  
  199  15:50  Fusion Core  
  199  16:00  Ghost  
  186  16:12  Ghost x2  
  186  16:16  Ghost  
  186  16:17  Marine  
  179  16:28  Marine  
  179  16:29  Ghost  
  179  16:30  Marine  
  180  16:40  Ghost  
  180  16:41  Marauder  
  180  16:45  Ghost  
  186  16:48  Widow Mine x2  
  190  16:57  Ghost  
  192  17:01  Siege Tank  
  192  17:02  Ghost  
  192  17:07  Orbital Command  
  197  17:09  Marine x2  
  199  17:20  Ghost  
  199  17:31  Orbital Command  
  199  17:54  Missile Turret  
  199  17:57  Sensor Tower  
  197  18:07  Ghost  
  199  18:15  Marine  
  194  18:32  Ghost  
  194  18:33  Ghost  
  192  18:35  Ghost  
  192  18:36  Ghost  
  183  18:54  Liberator x2, Marine  
  183  18:55  Marine x2, Siege Tank x2  
  164  18:58  Marine x4  
  164  18:59  Marine  
  164  19:01  Ghost x2  
  165  19:03  Siege Tank  
  165  19:04  Ghost  
  165  19:05  Marauder  
  172  19:11  Marine  
  172  19:13  Marine x2  
  172  19:16  Marine x5  
  178  19:21  Refinery  
  178  19:22  Refinery  
  179  19:26  Marauder  
  179  19:29  Marine  
  179  19:30  Marauder  
  179  19:31  Marauder, Marine x2  
  186  19:33  Widow Mine x2, Marauder  
  186  19:34  Marine x2  
Show
View Real Time Build Order
Export as new Build Order

Reynor Zerg 

Build Orders: Hatch First 

Get SALT Encoding   

  12  0:00  Drone  
  13  0:12  Overlord  
  13  0:17  Drone  
  14  0:30  Drone x2  
  16  0:48  Hatchery  
  15  0:50  Drone  
  15  0:55  Drone  
  17  0:58  Drone  
  18  1:09  Extractor  
  17  1:14  Spawning Pool  
  17  1:16  Drone  
  17  1:20  Drone  
  18  1:27  Drone  
  19  1:38  Drone  
  20  1:49  Overlord  
  20  2:00  Queen x2  
  24  2:02  Zergling x4  
  26  2:11  Drone  
  26  2:12  Drone  
  28  2:22  Drone x2  
  30  2:30  Hatchery  
  30  2:32  Drone  
  29  2:40  Queen  
  29  2:43  Metabolic Boost  
  31  2:46  Drone  
  31  2:51  Overlord  
  32  2:53  Drone  
  32  2:54  Drone  
  32  2:57  Drone  
  35  3:05  Drone  
  36  3:10  Drone x3  
  36  3:11  Overlord  
  39  3:16  Queen  
  39  3:18  Drone  
  43  3:20  Drone  
  43  3:26  Drone  
  44  3:30  Drone, Queen  
  47  3:37  Zergling x2  
  47  3:41  Overlord  
  48  3:42  Queen  
  48  3:43  Drone x2  
  48  3:44  Drone  
  53  3:49  Zergling x4  
  53  3:51  Drone x2  
  53  3:53  Drone  
  58  3:56  Overlord  
  58  3:59  Drone  
  58  4:02  Drone  
  60  4:04  Overlord  
  60  4:05  Drone  
  61  4:13  Overlord  
  61  4:15  Queen  
  63  4:17  Queen  
  63  4:18  Drone  
  63  4:22  Overlord  
  67  4:24  Drone  
  67  4:25  Queen  
  67  4:27  Drone  
  67  4:28  Drone  
  71  4:33  Zergling x6  
  71  4:36  Overlord  
  71  4:38  Drone x2  
  76  4:42  Spore Crawler  
  76  4:43  Spore Crawler x2  
  72  4:46  Drone  
  72  4:47  Drone x2  
  72  4:50  Overlord  
  75  4:53  Drone x2  
  75  4:59  Drone x3  
  80  5:02  Evolution Chamber  
  80  5:03  Drone x2  
  80  5:05  Spore Crawler  
  80  5:06  Evolution Chamber, Drone x2  
  81  5:12  Lair  
  81  5:13  Extractor, Drone x2  
  82  5:14  Overlord  
  82  5:16  Drone  
  82  5:17  Drone  
  82  5:21  Drone  
  85  5:24  Extractor x2  
  85  5:25  Drone  
  85  5:26  Spore Crawler  
  83  5:30  Drone x2  
  83  5:32  Overlord  
  82  5:36  Drone x2  
  82  5:37  Drone x2  
  82  5:38  Zerg Ground Armor Level 1, Zerg Melee Weapons Level 1  
  82  5:40  Drone x4  
  82  5:41  Drone  
  88  5:47  Extractor  
  88  5:48  Extractor  
  86  5:55  Zergling x8, Baneling Nest  
  86  5:56  Evolution Chamber  
  88  6:00  Evolution Chamber x2  
  88  6:02  Zergling x14  
  88  6:05  Drone  
  88  6:06  Drone  
  88  6:09  Drone x3  
  85  6:14  Drone  
  85  6:17  Overlord  
  84  6:18  Drone  
  84  6:22  Drone  
  84  6:28  Drone x2  
  84  6:30  Drone  
  84  6:31  Drone  
  85  6:33  Hatchery, Drone  
  85  6:40  Drone x3  
  85  6:41  Centrifical Hooks  
  88  6:49  Overlord  
  88  6:51  Drone x4, Queen  
  94  7:00  Zergling x6  
  97  7:06  Zergling x12  
  97  7:08  Drone  
  104  7:11  Overlord  
  105  7:15  Zergling x2  
  105  7:18  Zergling x2  
  105  7:19  Overlord  
  106  7:26  Zergling x2  
  107  7:31  Zergling x10  
  107  7:33  Zergling x6  
  107  7:34  Zergling x6  
  118  7:40  Zerg Ground Armor Level 2, Zerg Melee Weapons Level 2  
  118  7:42  Drone x3  
  118  7:44  Hatchery  
  120  7:45  Queen  
  120  7:46  Drone  
  120  7:48  Zergling x2  
  124  7:53  Zergling x4  
  124  7:58  Drone x2  
  127  8:00  Zergling x6  
  127  8:01  Overlord  
  127  8:03  Zergling x2, Drone x2  
  133  8:10  Zergling x4  
  137  8:12  Baneling x2  
  137  8:13  Baneling x8  
  137  8:14  Zergling x2  
  137  8:16  Zergling x4  
  137  8:18  Zergling x2  
  141  8:20  Spore Crawler  
  141  8:21  Spore Crawler  
  141  8:22  Zergling x8  
  141  8:25  Zergling x2  
  144  8:30  Drone x3  
  144  8:32  Zergling x8  
  144  8:33  Baneling x7  
  144  8:34  Baneling x3  
  149  8:35  Zergling x2, Overlord  
  149  8:40  Zergling x2  
  151  8:45  Overlord  
  151  8:47  Baneling x5  
  151  8:49  Zergling x2  
  151  8:50  Drone  
  151  8:54  Baneling x2  
  151  8:55  Drone x2, Baneling x2  
  155  8:57  Drone x3  
  155  9:00  Zergling x2, Infestation Pit  
  159  9:02  Zergling x2  
  159  9:07  Zergling x4  
  159  9:08  Drone x2  
  159  9:09  Drone x3  
  166  9:12  Zergling x4  
  166  9:14  Queen  
  170  9:17  Spore Crawler  
  170  9:21  Zergling x8  
  158  9:26  Zergling x8  
  158  9:31  Zergling x6  
  156  9:33  Overseer  
  156  9:37  Zergling x2  
  156  9:38  Zergling x6, Hatchery  
  157  9:40  Zergling x4  
  159  9:49  Zergling x4  
  159  9:50  Hive  
  159  9:51  Overlord  
  157  9:53  Zergling x2  
  157  9:57  Zergling x2  
  157  9:59  Zergling x2  
  160  10:04  Baneling x5  
  159  10:07  Zergling x6  
  159  10:08  Zergling x6  
  159  10:12  Baneling  
  159  10:13  Baneling x4  
  160  10:15  Zergling x6  
  160  10:17  Hatchery  
  159  10:23  Zergling x10  
  159  10:24  Zergling x2, Baneling x9  
  159  10:25  Baneling x5  
  163  10:33  Zergling x10  
  163  10:34  Overlord  
  167  10:37  Zergling x4  
  167  10:38  Zergling x4  
  167  10:43  Zergling x8  
  171  10:50  Overlord  
  171  10:52  Zergling x2  
  171  10:53  Zergling x4  
  171  10:55  Hatchery  
  161  10:57  Zergling x8  
  161  11:00  Zergling x8  
  161  11:02  Zergling x2, Zerg Ground Armor Level 3  
  158  11:04  Adrenal Glands, Ultralisk Cavern  
  158  11:05  Zerg Melee Weapons Level 3  
  158  11:09  Zergling x12  
  159  11:14  Viper  
  160  11:20  Extractor  
  160  11:21  Extractor  
  160  11:22  Drone  
  159  11:27  Zergling x16  
  159  11:31  Zergling x4  
  165  11:35  Zergling x8  
  165  11:37  Baneling x10  
  165  11:38  Zergling x2  
  163  11:44  Zergling x2  
  162  11:50  Zergling x12  
  162  11:51  Chitinous Plating  
  168  11:55  Zergling x6, Ultralisk  
  168  11:59  Zergling x8  
  173  12:03  Zergling x2  
  173  12:04  Overlord x4  
  164  12:12  Zergling x2, Ultralisk x2  
  164  12:13  Zergling x2  
  154  12:17  Zergling x2  
  154  12:20  Zergling x2  
  151  12:23  Drone  
  151  12:24  Drone x7, Queen  
  151  12:26  Viper  
  163  12:31  Zergling x14, Ultralisk  
  163  12:32  Baneling x4  
  163  12:34  Baneling x2  
  163  12:35  Zergling x6  
  163  12:36  Zergling x2  
  180  12:38  Zergling x2  
  179  12:45  Zergling x2, Ultralisk  
  185  12:51  Zergling x12  
  185  12:55  Overlord  
  190  13:01  Zergling x2  
  190  13:02  Zergling x10  
  196  13:07  Hatchery, Overlord  
  196  13:08  Baneling x6  
  195  13:13  Zergling x10  
  182  13:22  Zergling x2  
  182  13:23  Zergling x22  
  182  13:25  Zergling x2  
  172  13:27  Zergling x2  
  172  13:34  Anabolic Synthesis, Drone  
  170  13:35  Drone x3  
  174  13:41  Baneling x9  
  174  13:42  Zergling x6  
  174  13:46  Zergling x2, Ultralisk  
  183  13:54  Zergling x12  
  181  13:56  Zergling x2  
  181  13:59  Ultralisk  
  179  14:03  Zergling x4  
  183  14:14  Hatchery  
  183  14:15  Zergling x4, Ultralisk x2  
  183  14:16  Baneling x11  
  195  14:21  Baneling x6  
  195  14:25  Baneling  
  195  14:26  Baneling x6  
  195  14:34  Baneling x6  
  195  14:38  Zergling x10  
  200  14:45  Zergling x26  
  187  14:54  Spire  
  187  14:56  Zergling x10  
  190  15:01  Zergling x2, Hatchery  
  189  15:28  Drone  
  189  15:29  Overlord x2  
  189  15:30  Baneling x9  
  189  15:35  Baneling x8  
  188  15:36  Baneling x4  
  188  15:37  Baneling x2  
  188  15:38  Hatchery  
  187  15:44  Baneling x8  
  187  15:45  Zergling x4  
  189  15:50  Overlord  
  189  15:53  Zergling x2  
  189  15:54  Zergling x18  
  195  16:04  Zergling x12  
  186  16:12  Zergling x14  
  186  16:17  Zergling x2, Ultralisk x2  
  192  16:19  Zergling x6  
  185  16:25  Zergling x2  
  185  16:26  Zergling x6  
  185  16:27  Zergling x8  
  185  16:29  Baneling x6  
  185  16:30  Baneling x5  
  185  16:32  Infestor  
  176  16:35  Infestor  
  176  16:38  Baneling x10  
  176  16:39  Zergling x14  
  187  16:46  Drone x3  
  189  16:48  Burrow  
  189  16:50  Drone x4  
  189  16:51  Drone  
  194  16:54  Zergling x6  
  194  16:56  Zergling x2  
  194  16:58  Zergling x2  
  198  17:05  Baneling  
  198  17:06  Baneling x9  
  195  17:13  Zergling x16  
  197  17:22  Zergling x14  
  200  17:29  Zergling x4  
  200  17:35  Drone  
  194  17:53  Zergling x10  
  198  18:04  Baneling x10  
  196  18:09  Zergling x12  
  194  18:23  Zergling x16  
  199  18:30  Zergling x2  
  199  18:40  Overseer  
  192  18:41  Zergling x18  
  192  18:48  Overseer x4  
  145  18:55  Ultralisk  
  145  18:56  Zergling x20, Ultralisk x3  
  145  18:59  Zergling x6  
  145  19:01  Zergling x2  
  145  19:02  Zergling x2, Baneling x6  
  159  19:03  Hatchery, Baneling x5  
  159  19:05  Zergling x4  
  159  19:07  Zergling x4, Ultralisk  
  168  19:10  Queen, Ultralisk  
  168  19:11  Baneling  
  168  19:12  Baneling x7, Drone x13  
  168  19:14  Zergling x4, Ultralisk x2  
  168  19:15  Zergling x2  
  179  19:17  Zergling x2  
  178  19:28  Zergling x8  
  178  19:29  Hatchery  

Tags
 
Add a new tag
Caveats
  • Supply blocks, unpowered buildings, or Contaminate may cause inaccurate times.
  • Supply counts are checked every 10 seconds.